 Dungeon Crawl Stone Soup version 0.17.0-28-g6e173f8 (webtiles) character file.

4414 4thArraOfDagon the Cleaver (level 10, -5/139 HPs)
             Began as a Minotaur Berserker on Nov 23, 2015.
             Was a High Priest of Trog.
             Slain by an orc warrior
             ... wielding a +0 halberd
              (11 damage)
             ... on level 2 of the Orcish Mines.
             The game lasted 00:12:51 (2116 turns).

4thArraOfDagon the Cleaver (Minotaur Berserker)     Turns: 2116, Time: 00:12:51

Health: -5/139     AC: 13    Str: 28    XL:     10   Next: 14%
Magic:  18/18      EV:  9    Int:  7    God:    Trog [*****.]
Gold:   581        SH:  0    Dex:  9    Spells: 0 memorised, 9 levels left

rFire  + . .     SeeInvis .     e - +0 battleaxe
rCold  . . .     Clarity  .     t - +2 chain mail {rN+}
rNeg   + . .     SustAt   .     (shield currently unavailable)
rPois  .         Gourm    .     (helmet restricted)
rElec  .         Spirit   .     (no cloak)
rCorr  .         Warding  .     (no gloves)
rMut   .         Stasis   .     (no boots)
MR     ++...                    (no amulet)
Stlth  ..........               v - ring of magical power
                                o - ring of protection from fire

@: berserking, regenerating, very quick, very resistant to hostile enchantments,
extremely unstealthy
A: retaliatory headbutt, horns 2
a: Berserk, Trog's Hand, Brothers in Arms, Burn Spellbooks, Renounce Religion


You were on level 2 of the Orcish Mines.
You worshipped Trog.
Trog was extremely pleased with you.
You were not hungry.

You visited 2 branches of the dungeon, and saw 13 of its levels.

You collected 634 gold pieces.
You spent 53 gold pieces at shops.

Inventory:

Hand Weapons
 e - a +0 battleaxe (weapon)
 E - a +0 blowgun
Missiles
 z - 2 javelins (quivered)
Armour
 b - a troll hide
 t - a +2 chain mail of positive energy (worn)
Jewellery
 o - a ring of protection from fire (left hand)
 v - a ring of magical power (right hand)
Wands
 F - a wand of frost (29)
Scrolls
 i - 2 scrolls of remove curse
 j - a scroll of fear
 m - 2 scrolls of magic mapping
 u - a scroll of enchant weapon
 y - a scroll of teleportation
 I - 2 scrolls of fog
Potions
 a - 2 potions of degeneration {unknown}
 d - a potion of cancellation {unknown}
 f - a potion of mutation {unknown}
 g - 2 potions of might {unknown}
 k - a potion of flight
 l - a potion of agility
 s - a potion of haste {unknown}
 x - 2 potions of curing {unknown}
 C - a potion of invisibility {unknown}
Books
 w - a book of Transfigurations

   Spells                             Type                      Level
   a - Stoneskin                      Transmutation/Earth          2
   b - Irradiate                      Conjuration/Transmutation    5
   c - Statue Form                    Transmutation/Earth          6
   d - Hydra Form                     Transmutation                6
   e - Dragon Form                    Transmutation                7
   Trog disapproves of the use of such an item.
Comestibles
 c - 2 bread rations
 p - a slice of pizza
 r - 2 meat rations
 A - 3 fruits
 G - 17 chunks of flesh


   Skills:
 + Level 9.8 Fighting
 * Level 12.6 Axes
 + Level 9.0 Armour
 - Level 2.1 Dodging


You had 9 spell levels left.
You didn't know any spells.

Dungeon Overview and Level Annotations

Branches:
Dungeon (10/15)              Lair (0/8) D:10            Orc (3/4) D:10
    Elf (0/3) Orc:3
 Temple: D:4-7

Altars:
Elyvilon
Gozag

Shops:
D:6 *?((

Annotations:
D:4 Edmund


Innate Abilities, Weirdness & Mutations

You reflexively headbutt those who attack you in melee.
You have a pair of horns on your head.


Message History

Reactivating autopickup.
You feel a bit more experienced.
You hit the orc wizard.
The orc wizard is heavily wounded.
You completely miss the orc.
The orc wizard casts a spell.
The orc wizard blinks!
The orc wizard hits you but does no damage.
Unknown command.
Unknown command.
Unknown command.
You closely miss the orc warrior. You headbutt the orc warrior.
You feel the power of Trog in you as your rage grows.
You kill the orc warrior!
Trog accepts your kill.
You barely miss the orc. You miss the orc wizard.
The orc wizard is heavily wounded.
You hit the orc but do no damage. The orc hits you but does no damage.
The orc wizard misses you.
The orc warrior hits you from afar with a halberd!
You die...

# #### ##. ##)@##
.... ##oooo## #....
####.ooooo##.
#.....##.#...oooo....
..........#.....o##.#
......##.#....#..o#
.. .#...>##....#.....
. ##.....o..##......
#.......### #.....


You could see an orc warrior, 4 orc wizards and 11 orcs.

Vanquished Creatures
  An orc knight (Orc:2)
  The ghost of lucasterio the Covered, a novice MiFi of Makhleb (D:6)
  A troll (Orc:3)
  A sky beast (D:8)
  3 ogres
  9 orc warriors
  2 centaurs
  A big kobold (D:8)
  5 giant frogs
  A scorpion (D:8)
  6 killer bees (D:7)
  A crimson imp (D:8)
  8 orc priests
  A quasit (D:7)
  A giant frog skeleton (D:6)
  2 hounds
  2 iguanas
  2 worker ants
  12 orc wizards
  A killer bee zombie (D:8)
  A hound skeleton (D:5)
  A worker ant zombie (D:5)
  An adder (D:10)
  A shadow imp (D:5)
  A worm (D:3)
  An adder skeleton (D:6)
  116 orcs
  3 hobgoblins
  6 jackals
  A bat (D:2)
  2 giant geckos
  5 giant newts
  5 goblins
  4 kobolds
209 creatures vanquished.

Vanquished Creatures (collateral kills)
  An orc warrior (Orc:1)
  An ogre (Orc:1)
  An orc priest (Orc:1)
3 creatures vanquished.

Grand Total: 212 creatures vanquished

Notes
Turn   | Place    | Note
--------------------------------------------------------------
     0 | D:1      | 4thArraOfDagon the Minotaur Berserker began the quest for the Orb.
     0 | D:1      | Reached XP level 1. HP: 19/19 MP: 0/0
   129 | D:2      | Reached skill level 4 in Axes
   129 | D:2      | Reached XP level 2. HP: 27/27 MP: 1/1
   239 | D:3      | Reached XP level 3. HP: 33/33 MP: 2/2
   326 | D:3      | Reached ** piety under Trog
   340 | D:3      | cursed
   343 | D:3      | Noticed a phantom
   460 | D:4      | Noticed Edmund
   495 | D:5      | Entered Level 5 of the Dungeon
   502 | D:5      | Reached XP level 4. HP: 39/41 MP: 3/3
   575 | D:5      | Reached skill level 5 in Axes
   609 | D:6      | Found Liatsutin's Assorted Antiques.
   609 | D:6      | Noticed a centaur
   609 | D:6      | Noticed a giant frog
   615 | D:6      | Killed a centaur
   615 | D:6      | Reached skill level 5 in Fighting
   615 | D:6      | Reached XP level 5. HP: 48/48 MP: 4/4
   617 | D:6      | Killed a giant frog
   620 | D:6      | Reached skill level 6 in Axes
   640 | D:6      | Bought a black potion for 25 gold pieces
   640 | D:6      | Bought a scroll labeled LASHRE COYQ for 28 gold pieces
   640 | D:6      | Noticed lucasterio's ghost (novice MiFi)
   641 | D:6      | ugh
   663 | D:5      | Reached XP level 6. HP: 28/56 MP: 5/5
   704 | D:6      | Killed lucasterio's ghost
   704 | D:6      | Reached skill level 7 in Axes
   704 | D:6      | Reached skill level 5 in Armour
   704 | D:6      | Reached XP level 7. HP: 60/64 MP: 6/6
   748 | D:6      | Found Zaick's Magic Scroll Shoppe.
   781 | D:6      | Noticed a giant frog
   786 | D:6      | Noticed a giant frog
   786 | D:6      | Killed a giant frog
   792 | D:6      | Killed a giant frog
   792 | D:6      | Reached skill level 8 in Axes
   800 | D:6      | Found Waoge's Antique Weapon Shoppe.
   841 | D:6      | Found Egoc's Weapon Emporium.
   943 | D:7      | Reached XP level 8. HP: 70/71 MP: 7/7
   946 | D:7      | Reached skill level 9 in Axes
  1105 | D:8      | Found a white marble altar of Elyvilon.
  1248 | D:8      | Reached skill level 10 in Axes
  1306 | D:9      | Found an opulent altar of Gozag.
  1340 | D:9      | You fall through a shaft!
  1340 | D:10     | Entered Level 10 of the Dungeon
  1377 | D:10     | Reached *** piety under Trog
  1391 | D:10     | Found a staircase to the Orcish Mines.
  1411 | D:10     | Reached XP level 9. HP: 75/81 MP: 8/8
  1497 | D:10     | Found a staircase to the Lair.
  1525 | Orc:1    | Entered Level 1 of the Orcish Mines
  1540 | Orc:1    | Reached **** piety under Trog
  1588 | Orc:1    | Reached skill level 11 in Axes
  1817 | Orc:1    | ummm
  1984 | Orc:3    | Reached ***** piety under Trog
  1991 | Orc:3    | Found a staircase to the Elven Halls.
  2051 | Orc:3    | Reached skill level 12 in Axes
  2098 | Orc:2    | Noticed an orc knight
  2111 | Orc:2    | Killed an orc knight
  2111 | Orc:2    | Reached XP level 10. HP: 22/92 MP: 9/9
  2112 | Orc:2    | HP: 2/139 [orc warrior/dire flail (21)]
  2116 | Orc:2    | Slain by an orc warrior

Action                   |  1- 3 |  4- 6 |  7- 9 | 10-12 || total
-------------------------+-------+-------+-------+-------++-------
Melee: Hand axe          |    46 |    16 |   122 |       ||   184
       War axe           |       |    12 |   152 |       ||   164
       Battleaxe         |       |       |     7 |     5 ||    12
Throw: Throwing net      |       |     1 |     1 |       ||     2
Invok: Berserk           |     2 |     2 |    11 |       ||    15
       Trog's Hand       |       |     2 |     9 |       ||    11
       Brothers in Arms  |       |       |     1 |       ||     1
  Use: Scroll            |       |     3 |    10 |       ||    13
  Eat: Chunk             |     1 |     2 |    15 |       ||    18
       Fruit             |       |       |     3 |       ||     3
